 Dungeon Crawl Stone Soup version 0.29-a0-813-g4a14ea37d6 (webtiles) character file.

Game seed: 16116983850303748425

16316 frimble the Spear-Bearer (level 12, -8/100 HPs)
             Began as a Minotaur Monk on July 5, 2022.
             Was a High Priest of Okawaru.
             Mangled by a minotaur
             ... wielding a +2 great sword of distortion
              (25 damage)
             ... in a Gauntlet.
             The game lasted 00:23:04 (10936 turns).

frimble the Spear-Bearer (Minotaur Monk)           Turns: 10936, Time: 00:23:04

Health: -8/100     AC: 12    Str: 18    XL:     12   Next: 9%
Magic:  11/16      EV: 17    Int: 17    God:    Okawaru [*****.]
Gold:   201        SH: 17    Dex: 20    Spells: 11/13 levels left

rFire   + . .      SeeInvis +   F - +10 trident "Pendulum" {elec, rF+}
rCold   . . .      Faith    .   k - +2 kite shield {AC+3}
rNeg    . . .      Spirit   .   B - +0 troll leather armour
rPois   .          Reflect  .   (helmet restricted)
rElec   +          Harm     .   A - +0 cloak
rCorr   +          Rampage  .   N - +0 pair of gloves
Will    ++...      NoTele   +   s - +0 pair of boots of Fedhas's Anger {rCorr Str+4}
Stlth   ++++......              t - amulet of regeneration
HPRegen 1.86/turn               l - +6 ring of intelligence
MPRegen 0.15/turn               P - ring "Hirchuv" {rElec Will++ Dex+6 SInv}

@: heroic, finesse-ful, studying Armour
A: horns 2, retaliatory headbutt, weak 1
a: Renounce Religion, Heroism, Finesse, Duel


You were in a Gauntlet.
You worshipped Okawaru.
Okawaru was extremely pleased with you.
You visited 2 branches of the dungeon, and saw 12 of its levels.
You also visited: Sewer, Ossuary and Gauntlet.

You collected 786 gold pieces.
You spent 585 gold pieces at shops.

Inventory:

Hand Weapons
 F - the +10 trident "Pendulum" (weapon) {elec, rF+}
   (You bought it in a shop on level 9 of the Dungeon)

   It occasionally discharges a powerful burst of electricity upon striking a
   foe.
   rF:        It protects you from fire.
Missiles
 j - 33 poisoned darts (quivered)
 H - 2 javelins
Armour
 k - a +2 kite shield of protection (worn)
 q - a +2 tower shield of protection
 s - the +0 pair of boots of Fedhas's Anger (worn) {rCorr Str+4}
   (You found it on level 5 of the Dungeon)

   Str:       It affects your strength (+4).
   rCorr:     It protects you from acid and corrosion.
 A - a +0 cloak (worn)
 B - a +0 troll leather armour (worn)
 N - a +0 pair of gloves (worn)
Jewellery
 l - a +6 ring of intelligence (left hand)
 n - an amulet of reflection
 t - an amulet of regeneration (around neck)
 u - a ring of ice
 G - the ring "Xotoatig" {Fire +Blink rCorr Str-5 SInv}
   (You found it in a Gauntlet)

   [ring of fire]

   It enhances your fire magic.
   Str:       It affects your strength (-5).
   rF:        It protects you from fire.
   rC:        It makes you vulnerable to cold.
   SInv:      It lets you see invisible.
   +Blink:    It lets you blink.
   rCorr:     It protects you from acid and corrosion.
 P - the ring "Hirchuv" (right hand) {rElec Will++ Dex+6 SInv}
   (You found it in a Gauntlet)

   [ring of dexterity]

   Dex:       It affects your dexterity (+6).
   rElec:     It insulates you from electricity.
   SInv:      It lets you see invisible.
   Will:      It greatly increases your willpower.
Wands
 m - a wand of polymorph (9)
 p - a wand of light (4)
 r - a wand of iceblast (9)
 C - a wand of flame (9)
 J - a wand of mindburst (12)
Scrolls
 d - a scroll of enchant weapon
 x - a scroll of vulnerability {unknown}
 y - a scroll of immolation
 D - a scroll of teleportation
 E - a scroll of identify
 I - a scroll of brand weapon {unknown}
 K - a scroll of silence
 M - a scroll of enchant armour
Potions
 a - 3 potions of brilliance
 b - a potion of haste
 c - a potion of ambrosia
 e - 3 potions of attraction
 g - 4 potions of degeneration
 h - 2 potions of heal wounds
 i - 5 potions of curing
 o - a potion of mutation
 v - 4 potions of lignification
 w - 2 potions of cancellation
 z - 2 potions of might
 L - a potion of flight
 O - 2 potions of magic


   Skills:
 - Level 7.3(12.3) Fighting
 + Level 12.1(17.1) Polearms
 - Level 4.9(9.9) Throwing
 - Level 4.4(9.4) Armour
 - Level 4.0(9.0) Dodging
 - Level 2.0(7.0) Stealth
 + Level 11.2(16.2) Shields
 - Level 1.0 Spellcasting
 - Level 4.0 Transmutations
 - Level 4.0 Earth Magic
 - Level 7.0 Invocations
 - Level 5.3 Evocations


You had 11 spell levels left.
You knew the following spells:

 Your Spells              Type           Power      Damage    Failure   Level
a - Passwall              Tmut/Erth      11%        N/A       12%         2

Your spell library contained the following spells:

 Spells                   Type           Power      Damage    Failure   Level
 Sandblast                Erth           28%        2d8       8%          1
 Stone Arrow              Conj/Erth      14%        3d7       47%         3
 Ozocubu's Armour         Ice            0%         N/A       77%         3
 Metabolic Englaciation   Hex/Ice        0%         N/A       100%        5
 Chain Lightning          Conj/Air       0%         N/A       100%        9
 Fire Storm               Conj/Fire      0%         5d1       100%        9
 Shatter                  Erth           7%         3d9*      100%        9
 Simulacrum               Ice/Necr       Unusable   N/A       N/A         6

Dungeon Overview and Level Annotations

Branches:
Dungeon (11/15)            Temple (1/1) D:6            Lair (0/6) D:10
    Orc (0/2) D:10          Sewer (visited)         Ossuary (visited)
Gauntlet (1/1)

Altars:
Ashenzari
Dithmenos
Elyvilon
Gozag
Hepliaklqana
Kikubaaqudgha
Makhleb
Nemelex Xobeh
Okawaru
Uskayaw
Wu Jian
Xom
Yredelemnul
Zin

Shops:
D:4 *   D:9 *

Annotations:
Gauntlet 6 transporters


Innate Abilities, Weirdness & Mutations

You have a pair of horns on your head.
You reflexively headbutt those who attack you in melee.
You are weak. (Str -2)


Message History

Aim: a minotaur, wielding a +3 longbow, wearing +0 storm dragon scales, wearing a ring of poison resistance and quivering javelins (lightly wounded, 79% to hit)
You throw a poisoned dart.
The poisoned dart closely misses the minotaur.
The minotaur unwields a +3 longbow.
The minotaur wields a +2 great sword of distortion.
Its appearance distorts for a moment.
The minotaur completely misses you. The minotaur gores you!
You barely miss the minotaur.
The minotaur furiously retaliates!
The minotaur headbutts you!
Your headbutt misses the minotaur.
The minotaur is lightly wounded.
You impale the minotaur!!
The minotaur is heavily wounded.
You block the minotaur's attack. x2
You puncture the minotaur! You headbutt the minotaur.
The minotaur is heavily wounded.
You hit the minotaur but do no damage.
The minotaur is heavily wounded.
You barely miss the minotaur.
The minotaur furiously retaliates!
The minotaur headbutts you, but does no damage.
You headbutt the minotaur, but do no damage.
The minotaur is heavily wounded.
You block the minotaur's attack.
The minotaur gores you but does no damage.
You hit the minotaur.
The minotaur is severely wounded.
You hit the minotaur.
The minotaur is severely wounded.
You hit the minotaur but do no damage.
The minotaur is severely wounded.
The minotaur hits you with a +2 great sword of distortion!!
* * * LOW HITPOINT WARNING * * *
Space warps horribly around you!
* * * LOW HITPOINT WARNING * * *
The minotaur gores you but does no damage.
You puncture the minotaur!
The minotaur is almost dead.
You closely miss the minotaur.
The minotaur is almost dead.
The minotaur hits you with a +2 great sword of distortion!!
You die...

##§.#...#.#©#..#..).©....#..
#≈..#########..###########§§
##...........∩............§.
#≈.....................§.§..
###§#≈#≈#≈########≈#≈#§#§#§#
#########.©..©.###########
#####......####
#...............
#....@..........
##.#H#######.#.# # #....# .#
# #.##.# # ... .. #.. ##
#..# ...# #8.#


You could see a minotaur.

Vanquished Creatures
  2 two-headed ogres
  A hell hog (Gauntlet)
  A wolf spider zombie (D:10)
  An ice statue (Gauntlet)
  A gargoyle (D:6)
  2 centaur zombies (D:10)
  Psyche (D:9)
  A rime drake (Gauntlet)
  2 centaur skeletons (D:10)
  3 hellwings (D:10)
  3 trolls
  5 hornets
  A meliai zombie (D:10)
  Sigmund (D:6)
  A shadow (D:9)
  4 wyverns
  4 fire bats (Gauntlet)
  13 yaks
  2 acid dragons
  5 water moccasins
  2 hell hounds (Gauntlet)
  2 black bears
  Pargi (Sewer)
  4 ogres
  2 orc warriors
  6 centaurs
  A boggart (D:6)
  An elf zombie (D:6)
  2 bullfrogs (D:6)
  4 kobold brigands
  A necrophage (D:4)
  2 elf skeletons (D:6)
  4 scorpions
  5 gnoll sergeants
  5 wights
  Dowan (D:6)
  4 killer bees (D:9)
  11 howler monkeys
  17 hounds
  A quasit (D:7)
  A gnoll bouda (D:6)
  4 orc priests
  Crazy Yiuf (D:6)
  Ijyb (D:3)
  A human skeleton (D:6)
  6 iguanas
  14 orc wizards
  11 adders
  15 gnolls
  A river rat (D:6)
  4 shadow imps
  4 white imps
  3 ufetubi
  5 dart slugs
  38 orcs
  9 ball pythons
  4 endoplasms
  3 giant cockroaches
  10 goblins
  3 hobgoblins
  2 quokkas (D:1)
  13 bats
  2 frilled lizards
  18 kobolds
  An orc skeleton (D:6)
  2 orc zombies
  8 rats
314 creatures vanquished.

Vanquished Creatures (others)
  2 demonic plants (D:7)
  A fungus (D:10)
  9 plants (D:10)
12 creatures vanquished.

Grand Total: 326 creatures vanquished

Notes
Turn   | Place    | Note
-------+----------+-------------------------------------------
     0 | D:1      | frimble the Minotaur Monk began the quest for the Orb.
     0 | D:1      | Reached XP level 1. HP: 19/19 MP: 0/0
    66 | D:1      | Found a faded altar of an unknown god.
   306 | D:1      | Reached XP level 2. HP: 27/27 MP: 1/1
   529 | D:1      | Reached skill level 4 in Polearms
   857 | D:2      | Reached XP level 3. HP: 32/33 MP: 2/2
  1767 | D:3      | Reached skill level 1 in Throwing
  1775 | D:3      | Reached XP level 4. HP: 30/40 MP: 3/3
  1888 | D:3      | Found a white marble altar of Elyvilon.
  1971 | D:3      | Noticed Ijyb
  1998 | D:3      | Killed Ijyb
  1999 | D:3      | Reached skill level 1 in Armour
  2538 | D:4      | Reached XP level 5. HP: 47/47 MP: 4/4
  2561 | D:4      | Noticed an ogre
  2569 | D:4      | Killed an ogre
  2570 | D:4      | Reached skill level 5 in Fighting
  2570 | D:4      | Reached skill level 5 in Polearms
  2630 | D:4      | Reached XP level 6. HP: 53/56 MP: 5/5
  3050 | D:4      | Found Semiod's Neck Hole.
  3275 | D:4      | Found an opulent altar of Gozag.
  3344 | D:4      | HP: 1/56 [black bear (6)]
  3516 | D:4      | Reached XP level 7. HP: 45/62 MP: 6/6
  3904 | D:5      | Entered Level 5 of the Dungeon
  4043 | D:5      | Reached skill level 6 in Polearms
  4337 | D:5      | Identified the +0 pair of boots of Fedhas's Anger {rCorr
                  | Str+4}
  4813 | D:6      | Learned a level 2 spell: Passwall
  4820 | D:6      | Noticed a gargoyle
  4821 | D:6      | Reached XP level 8. HP: 71/71 MP: 7/7
  4832 | D:6      | Killed a gargoyle
  4833 | D:6      | Reached skill level 7 in Polearms
  4888 | D:6      | Found a sand-covered staircase.
  4894 | Ossuary  | Entered an ossuary
  4953 | Ossuary  | Noticed a flying skull
  4960 | Ossuary  | Noticed a flying skull
  4992 | Ossuary  | Noticed a flying skull
  5005 | Ossuary  | Reached skill level 1 in Earth Magic
  5032 | Ossuary  | Gained mutation: You are weak. (Str -2) [potion of
                  | mutation]
  5033 | Ossuary  | Identified a scroll of acquirement
  5033 | Ossuary  | Acquired a manual of Armour
  5036 | Ossuary  | Noticed a flying skull
  5135 | D:6      | Reached skill level 1 in Transmutations
  5152 | D:6      | Found a glowing drain.
  5166 | Sewer    | Entered a sewer
  5304 | Sewer    | Noticed Pargi
  5313 | Sewer    | Killed Pargi
  5576 | D:6      | Noticed Sigmund
  5600 | D:6      | Killed Sigmund
  5601 | D:6      | Reached XP level 9. HP: 65/79 MP: 8/8
  5859 | D:4      | Bought an amulet of regeneration for 330 gold pieces
  5918 | D:6      | Found a staircase to the Ecumenical Temple.
  5978 | D:6      | Noticed Duvessa
  6008 | Temple   | Entered the Ecumenical Temple
  6022 | Temple   | Became a worshipper of Warmaster Okawaru
  6022 | Temple   | Reached * piety under Okawaru
  6022 | Temple   | Reached ** piety under Okawaru
  6056 | D:6      | Found a runed translucent door.
  6057 | D:6      | Noticed Crazy Yiuf
  6069 | D:6      | Killed Crazy Yiuf
  6265 | D:6      | Reached skill level 1 in Spellcasting
  6265 | D:6      | Reached skill level 1 in Invocations
  6396 | D:6      | Noticed a troll
  6411 | D:6      | Killed a troll
  6412 | D:6      | Reached skill level 1 in Evocations
  6783 | D:6      | Reached skill level 1 in Shields
  6783 | D:6      | Reached skill level 5 in Invocations
  6786 | D:6      | Reached *** piety under Okawaru
  6889 | D:6      | Reached XP level 10. HP: 86/86 MP: 12/12
  7051 | D:6      | Noticed Dowan
  7071 | D:6      | Noticed Duvessa
  7071 | D:6      | Duvessa changed into Duvessa the boggart
  7079 | D:6      | Killed Duvessa the boggart
  7086 | D:6      | Killed Dowan
  7247 | D:7      | Identified the +2 robe of the Cuttlefish {rPois rF+ Str+3
                  | Slay-4}
  7888 | D:8      | Paralysed by a hornet for 2 turns
  7931 | D:8      | Reached **** piety under Okawaru
  8016 | D:8      | You fall into a shaft and drop 2 floors!
  8016 | D:10     | Entered Level 10 of the Dungeon
  8016 | D:10     | Found a staircase to the Orcish Mines.
  8102 | D:9      | Reached skill level 5 in Shields
  8166 | D:9      | Reached skill level 5 in Evocations
  8293 | D:9      | Noticed Psyche
  8321 | D:9      | Killed Psyche
  8321 | D:9      | Received a gift from Okawaru
  8408 | D:9      | Found Ducihuaku's Assorted Antiques.
  8413 | D:9      | Bought a faintly glowing trident for 255 gold pieces
  8413 | D:9      | Identified the +10 trident "Pendulum" {elec, rF+} (You
                  | bought it in a shop on level 9 of the Dungeon)
  9257 | D:8      | Reached ***** piety under Okawaru
  9267 | D:8      | Reached skill level 8 in Polearms
  9318 | D:8      | Noticed a two-headed ogre
  9341 | D:8      | Killed a two-headed ogre
  9341 | D:8      | Received a gift from Okawaru
  9342 | D:8      | Reached XP level 11. HP: 72/92 MP: 15/15
  9614 | D:10     | Noticed a two-headed ogre
  9622 | D:10     | Received a gift from Okawaru
  9626 | D:10     | Killed a two-headed ogre
  9675 | D:10     | Reached skill level 9 in Polearms
  9735 | D:10     | Found a staircase to the Lair.
  9775 | D:10     | Received a gift from Okawaru
 10061 | D:10     | Reached skill level 10 in Polearms
 10284 | D:10     | Found the +4 Cigotuvi's embrace {rMiasma Drain rN+}
 10294 | D:10     | Reached skill level 10 in Shields
 10296 | D:10     | Received a gift from Okawaru
 10297 | D:10     | Reached skill level 11 in Polearms
 10583 | D:11     | Found a gate leading to a gauntlet.
 10595 | Gauntlet | Entered a Gauntlet
 10595 | Gauntlet | Noticed a catoblepas
 10595 | Gauntlet | Found a transporter.
 10595 | Gauntlet | Found a transporter.
 10595 | Gauntlet | Found a transporter.
 10596 | Gauntlet | Found a transporter.
 10598 | Gauntlet | Found a transporter.
 10600 | Gauntlet | Found a transporter.
 10604 | Gauntlet | Noticed a soul eater
 10607 | Gauntlet | Found a transporter.
 10610 | Gauntlet | Found a transporter.
 10611 | Gauntlet | Found a transporter.
 10611 | Gauntlet | Found a transporter.
 10613 | Gauntlet | Noticed a dire elephant
 10619 | Gauntlet | Found a transporter.
 10619 | Gauntlet | Found a transporter.
 10620 | Gauntlet | Noticed a hell hog
 10790 | Gauntlet | Paralysed by a hornet for 3 turns
 10817 | Gauntlet | Identified the ring "Xotoatig" {Fire +Blink rCorr Str-5
                  | SInv}
 10870 | Gauntlet | Killed a hell hog
 10871 | Gauntlet | Reached XP level 12. HP: 76/100 MP: 16/16
 10874 | Gauntlet | Reached skill level 12 in Polearms
 10903 | Gauntlet | Identified the ring "Hirchuv" {rElec Will++ Dex+6 SInv}
 10912 | Gauntlet | Noticed a minotaur
 10936 | Gauntlet | Mangled by a minotaur

Illustrated notes

Levels and vault maps discovered:
D:1:      matt_arrival_spirals, layout_loops_ring, basic_ecumenical_altar
D:2:      layout_loops_ring
D:3:      layout_basic, nicolae_elyvilon_peaceful_grove, uniq_ijyb
D:4:      layout_loops_corners, kennysheep_mini_moat,
          nicolae_shop_sticking_my_neck_out
D:5:      layout_rooms
D:6:      lemuel_castle_with_subvaults [lemuel_castle_interior_carwin_2],
          layout_basic, minmay_temple_entry_large_hall,
          nicolae_ossuary_entry_catacombs, portal_sewer_entry_b,
          minmay_small_thing, uniq_sigmund, uniq_crazy_yiuf_cottage,
          uniq_duvessa
D:7:      layout_layer_cave, serial_demonic, serial_demonic_d, serial_demonic_g,
          serial_demonic_g, serial_demonic_b, serial_demonic_f,
          lemuel_old_faithful
D:8:      layout_rooms
D:9:      layout_gridville, serial_shops, shop, minmay_door_square, uniq_psyche
D:10:     layout_irregular_city, minmay_lair_entry_grove, orc_0_dummy,
          serial_column_ruins, column_ruins_hut, column_ruins_square_small,
          column_ruins_grid_1, column_ruins_columns_plus, column_ruins_grid_2,
          column_ruins_open_tiny, column_ruins_open_medium,
          column_ruins_open_tiny, hellmonk_guarded_unrand_cigotuvi
D:11:     layout_irregular_city, gammafunk_ghost_icy, gauntlet_entry_generic,
          lightli_minifort
Temple:   nicolae_temple_bog_church
Gauntlet: minmay_gauntlet_mixed_big_or_small [nicolae_gauntlet_swirl,
          minmay_gauntlet_arena_77_checkered, gammafunk_gauntlet_arena_crates,
          minmay_gauntlet_arena_77_box, nicolae_gauntlet_arena_t_cross,
          minmay_gauntlet_arena_77_radiant_squares,
          nicolae_gauntlet_exit_dead_adventurers]

Skill      XL: |  1  2  3  4  5  6  7  8  9 10 11 12 |
---------------+-------------------------------------+-----
Stealth        | 2 |  2.0
Polearms       | 4 5 6 7 8 11 12 | 12.1
Fighting       | 4 5 6 7 |  7.3
Throwing       | 1 2 3 4 |  4.9
Dodging        | 4 |  4.0
Armour         | 1 2 3 4 |  4.4
Earth Magic    | 3 4 |  4.0
Transmutations | 3 4 |  4.0
Spellcasting   | 1 |  1.0
Invocations    | 5 7 |  7.0
Evocations     | 3 5 |  5.3
Shields        | 2 6 11 | 11.2

Action                   |  1- 3 |  4- 6 |  7- 9 | 10-12 || total
-------------------------+-------+-------+-------+-------++-------
Melee: Spear             |   106 |   163 |   527 |   233 ||  1029
       Headbutt          |     9 |    33 |    88 |    95 ||   225
       Punch             |       |     2 |     3 |       ||     5
       Trident           |       |       |       |   257 ||   257
       Unarmed           |       |       |       |     1 ||     1
Throw: Dart              |       |    11 |    16 |    33 ||    60
Invok: Heroism           |       |       |       |     7 ||     7
       Finesse           |       |       |       |     2 ||     2
Evoke: Wand              |       |       |     4 |     6 ||    10
  Use: Scroll            |     7 |     2 |     9 |     5 ||    23
       Potion            |       |     1 |     6 |     3 ||    10
 Stab: Sleeping          |     5 |     1 |     5 |     1 ||    12
       Distracted        |     1 |       |       |     2 ||     3
       Invisible         |       |       |       |     2 ||     2
Armor: Ring mail         |    26 |    39 |    97 |       ||   162
       Skin              |       |    11 |       |       ||    11
       Troll leather arm |       |       |    47 |   130 ||   177
Dodge: Dodged            |    45 |    70 |   215 |   240 ||   570
Block: Other             |       |       |    37 |       ||    37
       Reflection        |       |       |     1 |       ||     1
       Buckler           |       |       |     7 |    99 ||   106
       Kite shield       |       |       |       |    35 ||    35

Table legend: (Time is in decaauts)
 A = Elapsed time spent in this place.
 B = Non-inter-level travel time spent in this place.
 C = Inter-level travel time spent in this place.
 D = Time resting spent in this place.
 E = Time spent auto-exploring this place.
 F = Levels seen in this place.
 G = Mean time per level.
                   A        B        C        D        E       F      G
               +--------+--------+--------+--------+--------+-----+--------+
         Total |  10717 |  10167 |    550 |    116 |   7431 |  15 |  714.5 |
       Dungeon |   9993 |   9461 |    532 |    116 |   7130 |  11 |  908.5 |
        Temple |     22 |      5 |     17 |      0 |      3 |   1 |   22.0 |
         Sewer |    186 |    186 |      0 |      0 |    151 |   1 |  186.0 |
       Ossuary |    191 |    191 |      0 |      0 |      0 |   1 |  191.0 |
      Gauntlet |    323 |    323 |      0 |      0 |    147 |   1 |  323.0 |
               +--------+--------+--------+--------+--------+-----+--------+

Top non-repeatable levels by time:
     D:6: 1811 daAuts
     D:4: 1399 daAuts
     D:9: 1205 daAuts
    D:10: 935 daAuts
     D:5: 923 daAuts
     D:3: 858 daAuts
     D:1: 827 daAuts
     D:2: 816 daAuts
     D:7: 637 daAuts
     D:8: 563 daAuts
Gauntlet: 323 daAuts
 Ossuary: 191 daAuts
   Sewer: 186 daAuts
  Temple: 22 daAuts
    D:11: 16 daAuts
